 Dungeon Crawl Stone Soup version 0.31-a0-431-g88bdf31460 (webtiles) character file.

Game seed: 527681753812117214

37 Ofeo the Ruffian (level 3, -6/28 HPs)
             Began as a Gnoll Shapeshifter on July 31, 2023.
             Mangled by Terence
             ... wielding a +2 flail of holy wrath
              (14 damage)
             ... on level 2 of the Dungeon.
             The game lasted 00:01:00 (1242 turns).

Ofeo the Ruffian (Gnoll Shapeshifter)               Turns: 1242, Time: 00:01:01

Health: -6/28      AC:  2    Str: 16    XL:     3   Next: 41%
Magic:  4/4        EV: 13    Int:  7    God:
Gold:   92         SH:  0    Dex: 12    Spells: 3/3 levels left

rFire   . .          .
                       - Unarmed
rCold   . . .        (no shield)
rNeg    . . .        a - +0 animal skin
rPois   .            (helmet currently unavailable)
rElec   .            (cloak currently unavailable)
rCorr   .            (gloves currently unavailable)
SInv    .            (boots currently unavailable)
Will    .....        (no amulet)
Stlth   +            (no ring)
HPRegen 0.24/turn    (no ring)
MPRegen 0.09/turn

%: no passive effects
@: beast-form
A: beast (slay +4), fangs 1, strong nose, distributed training
a: Begin Untransformation


You were on level 2 of the Dungeon.
You were a hulking beast.
You visited 1 branch of the dungeon, and saw 2 of its levels.

You collected 92 gold pieces.

Inventory:

Armour
 a - a +0 animal skin (worn)
Talismans
 c - a beast talisman (active)
Scrolls
 d - 3 scrolls of fog {unknown}
 f - a scroll of teleportation {unknown}
 g - a scroll of immolation {unknown}
 i - a scroll of fear {unknown}
 k - a scroll of identify {unknown}
 m - a scroll of poison {unknown}
 n - a scroll of vulnerability {unknown}
Potions
 b - a potion of lignification
 e - a potion of resistance {unknown}
 h - 2 potions of might {unknown}
 j - a potion of mutation {unknown}
 l - a potion of brilliance {unknown}


   Skills:
 + Level 2.6 Fighting
 + Level 0.8 Short Blades
 + Level 0.8 Long Blades
 + Level 0.8 Axes
 + Level 0.8 Maces & Flails
 + Level 0.8 Polearms
 + Level 0.8 Staves
 + Level 0.8 Ranged Weapons
 + Level 0.8 Throwing
 + Level 0.8 Armour
 + Level 4.5 Dodging
 + Level 0.8 Stealth
 + Level 0.8 Shields
 + Level 6.5 Unarmed Combat
 + Level 0.8 Spellcasting
 + Level 0.5 Conjurations
 + Level 0.5 Hexes
 + Level 0.5 Summonings
 + Level 0.5 Necromancy
 + Level 0.5 Translocations
 + Level 0.5 Transmutations
 + Level 0.5 Fire Magic
 + Level 0.5 Ice Magic
 + Level 0.5 Air Magic
 + Level 0.5 Earth Magic
 + Level 0.5 Poison Magic
 + Level 1.0 Invocations
 + Level 0.8 Evocations
 + Level 6.5 Shapeshifting


You had 3 spell levels left.
You didn't know any spells.
Your spell library was empty.

Dungeon Overview and Level Annotations

Branches:
Dungeon (2/15)

Altars:

Annotations:
D:2 Terence


Innate Abilities, Weirdness & Mutations

You are a hulking beast.
Your limbs bulge with bestial killing power. (Slay +4)
You have very sharp teeth.
Your uncanny sense of smell can sniff out nearby items.
Your experience applies equally to all skills.


Message History

You hit the hobgoblin.
The hobgoblin is almost dead.
The bat hits you but does no damage.
You punch the hobgoblin!
You kill the hobgoblin!
The bat hits you but does no damage. The bat misses you.
You barely miss the bat. You bite the bat.
The bat is severely wounded.
The bat closely misses you.
You closely miss the bat. Your punch misses the bat.
The bat is severely wounded.
The bat hits you.
You take 1 damage, and have 27/28 hp.
You hit the bat.
You kill the bat!
No target in view!
You open the door.
Terence the Incautious comes into view.
He is wielding a +2 flail of holy wrath and wearing a +1 chain mail of cold resistance.
Health restored: 28 Terence is nearby!
Terence is nearby!
There is an open door here.
You barely miss Terence.
Terence hits you with a +2 flail of holy wrath.
You take 1 damage, and have 27/28 hp.
You hit Terence. You bite Terence, but do no damage.
Terence is moderately wounded.
Terence hits you with a +2 flail of holy wrath!
You take 7 damage, and have 20/28 hp.
MASSIVE DAMAGE!!
You barely miss Terence. You bite Terence, but do no damage.
Terence is moderately wounded.
Terence hits you with a +2 flail of holy wrath!
* * * LOW HITPOINT WARNING * * *
You take 12 damage, and have 8/28 hp.
MASSIVE DAMAGE!!
You are too injured to fight recklessly!
Terence attacks as you move away!
Terence hits you with a +2 flail of holy wrath!
Ouch! That really hurt!
You die...

#......# #.####.#
#.####.# #.#....#
########.#.##.###
.........#.##...#
#.#############.####.#
#...@.#...#####.# #..
#h'...'.....# #..
###...####### #.#
#.†.# #.# #...# #+#
#..... #......
####.... .... ∆ .....


You could see Terence.

Vanquished Creatures
  A dart slug (D:1)
  3 bats
  2 endoplasms (D:1)
  2 giant cockroaches (D:2)
  3 goblins (D:1)
  7 hobgoblins
  3 jackals (D:2)
  2 quokkas (D:1)
  3 frilled lizards (D:1)
  4 rats
30 creatures vanquished.

Notes
Turn   | Place    | Note
-------+----------+-------------------------------------------
     0 | D:1      | Ofeo the Gnoll Shapeshifter began the quest for the Orb.
     0 | D:1      | Reached XP level 1. HP: 17/17 MP: 1/1
   101 | D:1      | Reached XP level 2. HP: 23/23 MP: 2/2
   704 | D:1      | Reached XP level 3. HP: 28/28 MP: 3/3
  1054 | D:2      | Reached skill level 1 in Invocations
  1236 | D:2      | Noticed Terence
  1242 | D:2      | Mangled by Terence

Illustrated notes

Levels and vault maps discovered:
D:1:      evilmike_arrival_crescent, layout_basic, hangedman_decor_opposing
D:2:      layout_basic, nicolae_kite_square_tiling_tiny, uniq_sigmund,
          uniq_terence, uniq_jessica

Skill      XL: |  1  2  3 |
---------------+----------+-----
Invocations    | 1 |  1.0
Fighting       | |  2.6
Short Blades   | |  0.8
Long Blades    | |  0.8
Axes           | |  0.8
Maces & Flails | |  0.8
Polearms       | |  0.8
Staves         | |  0.8
Ranged Weapons | |  0.8
Throwing       | |  0.8
Armour         | |  0.8
Dodging        | |  4.5
Stealth        | |  0.8
Shields        | |  0.8
Unarmed Combat | |  6.5
Spellcasting   | |  0.8
Conjurations   | |  0.5
Hexes          | |  0.5
Summonings     | |  0.5
Necromancy     | |  0.5
Translocations | |  0.5
Transmutations | |  0.5
Fire Magic     | |  0.5
Ice Magic      | |  0.5
Air Magic      | |  0.5
Earth Magic    | |  0.5
Poison Magic   | |  0.5
Evocations     | |  0.8
Shapeshifting  | |  6.5

Action                     || total
---------------------------++-------
  Melee: Unarmed           ||    60
         Bite              ||     4
   Stab: Sleeping          ||     1
 Armour: Animal skin       ||    13
  Dodge: Dodged            ||    39

Table legend: (Time is in decaauts)
 A = Elapsed time spent in this place.
 B = Non-inter-level travel time spent in this place.
 C = Inter-level travel time spent in this place.
 D = Time resting spent in this place.
 E = Time spent auto-exploring this place.
 F = Levels seen in this place.
 G = Mean time per level.
                   A        B        C        D        E       F      G
               +--------+--------+--------+--------+--------+-----+--------+
         Total |   1236 |   1204 |     32 |      0 |   1053 |   2 |  618.0 |
       Dungeon |   1236 |   1204 |     32 |      0 |   1053 |   2 |  618.0 |
               +--------+--------+--------+--------+--------+-----+--------+

Top non-repeatable levels by time:
     D:1: 1008 daAuts
     D:2: 227 daAuts
